Dernière mise à jour: 2025-12-07 16:11:59
% Time on Ice - CALGARY FIREMEN
Lines # - Real PCT - Wanted PCT - Time Play
Normal Forward
1 - 35% - 35% - 19:11
2 - 32% - 32% - 17:11
3 - 21% - 24% - 11:07
4 - 12% - 9% - 6:34
Normal Defense
1 - 33% - 35% - 17:39
2 - 33% - 32% - 18:04
3 - 28% - 24% - 14:57
4 - 6% - 9% - 3:23
PP Forward
1 - 51% - 55% - 2:02
2 - 49% - 45% - 1:56
PP Defense
1 - 51% - 55% - 2:02
2 - 49% - 45% - 1:56
PK Forward
1 - 74% - 55% - 1:28
2 - 26% - 45% - 0:31
PK Defense
1 - 74% - 55% - 1:28
2 - 26% - 45% - 0:31
PK3 Forward
1 - 0% - 55%
2 - 0% - 45%
PK3 Defense
1 - 0% - 55%
2 - 0% - 45%
44 Forward
1 - 0% - 55%
2 - 0% - 45%
44 Defense
1 - 0% - 55%
2 - 0% - 45%
Last Minute Offensive  - 0:00
Last Minute Defensive  - 0:00
Total
Forward - 60:00
Defense - 60:00
% Time on Ice - SAN JOSE BRONCOS
Lines # - Real PCT - Wanted PCT - Time Play
Normal Forward
1 - 36% - 36% - 19:33
2 - 31% - 31% - 16:35
3 - 23% - 23% - 12:16
4 - 10% - 10% - 5:39
Normal Defense
1 - 34% - 36% - 18:09
2 - 34% - 31% - 18:14
3 - 28% - 23% - 15:13
4 - 5% - 10% - 2:27
PP Forward
1 - 50% - 55% - 0:59
2 - 50% - 45% - 1:00
PP Defense
1 - 50% - 55% - 1:00
2 - 50% - 45% - 0:59
PK Forward
1 - 73% - 55% - 2:53
2 - 27% - 45% - 1:05
PK Defense
1 - 66% - 55% - 2:37
2 - 34% - 45% - 1:21
PK3 Forward
1 - 0% - 55%
2 - 0% - 45%
PK3 Defense
1 - 0% - 55%
2 - 0% - 45%
44 Forward
1 - 0% - 55%
2 - 0% - 45%
44 Defense
1 - 0% - 55%
2 - 0% - 45%
Last Minute Offensive  - 0:00
Last Minute Defensive  - 0:00
Total
Forward - 60:00
Defense - 60:00
Play-by-Play 1st period 0:01 of 1st period - Evgeny Kuznetsov wins face-off versus Brayden Point in neutral zone. 0:18 of 1st period - Shot by Mason Marchment. 0:18 of 1st period - Stopped by Semyon Varlamov with a rebound. 0:20 of 1st period - Shot by Evgeny Kuznetsov. 0:20 of 1st period - Shot Blocked by Jaccob Slavin. 0:38 of 1st period - Shot by Filip Forsberg. 0:38 of 1st period - Stopped by Semyon Varlamov with a rebound. 0:40 of 1st period - Shot by Rasmus Sandin. 0:40 of 1st period - Shot Misses the Net. 1:11 of 1st period - Icing by Adam Pelech. 1:12 of 1st period - Jack Drury wins face-off versus Jack Roslovic in SAN JOSE BRONCOS zone. 1:51 of 1st period - Shot by Oliver Bjorkstrand. 1:51 of 1st period - Stopped by Marc-Andre Fleury with a rebound. 2:31 of 1st period - Fabian Zetterlund is hit by Ilya Mikheyev and loses puck. 2:49 of 1st period - Icing by Fabian Zetterlund. 2:50 of 1st period - Andrew Copp wins face-off versus Zach Benson in CALGARY FIREMEN zone. 3:16 of 1st period - Icing by Tyler Motte. 3:17 of 1st period - Brett Howden wins face-off versus Zach Benson in SAN JOSE BRONCOS zone. 3:29 of 1st period - Icing by Thomas Harley. 3:30 of 1st period - Zach Benson wins face-off versus Evgeny Kuznetsov in SAN JOSE BRONCOS zone. 3:47 of 1st period - Icing by Rasmus Sandin. 3:48 of 1st period - Evgeny Kuznetsov wins face-off versus Jesper Bratt in CALGARY FIREMEN zone. 3:48 of 1st period - Filip Forsberg is hit by Brayden Point and loses puck. 3:49 of 1st period - Minor Penalty to Jesper Bratt for Cross-checking. 3:50 of 1st period - Brayden Point wins face-off versus Evgeny Kuznetsov in SAN JOSE BRONCOS zone. 4:05 of 1st period - Shot by Filip Forsberg. 4:05 of 1st period - Shot Misses the Net. 4:07 of 1st period - Shot by Jake McCabe. 4:07 of 1st period - Stopped by Semyon Varlamov without a rebound. 4:08 of 1st period - Brett Leason wins face-off versus Andrew Copp in SAN JOSE BRONCOS zone. 4:25 of 1st period - Shot by Rasmus Sandin. 4:25 of 1st period - Shot Blocked by Timothy Liljegren. 4:36 of 1st period - Icing by Martin Fehervary. 4:37 of 1st period - Andrew Copp wins face-off versus Brayden Point in CALGARY FIREMEN zone. 4:50 of 1st period - Shot by Calle Jarnkrok. 4:50 of 1st period - Shot Blocked by Jaccob Slavin. 5:08 of 1st period - Shot by Clayton Keller. 5:08 of 1st period - Shot Blocked by Martin Fehervary. 5:16 of 1st period - Shot by Oliver Bjorkstrand. 5:16 of 1st period - Shot Blocked by Martin Fehervary. 5:18 of 1st period - Shot by Adam Pelech. 5:18 of 1st period - Stopped by Marc-Andre Fleury without a rebound. 5:19 of 1st period - Evgeny Kuznetsov wins face-off versus Brayden Point in CALGARY FIREMEN zone. 5:34 of 1st period - Shot by Brayden Point. 5:34 of 1st period - Stopped by Marc-Andre Fleury without a rebound. 5:35 of 1st period - Brayden Point wins face-off versus Evgeny Kuznetsov in CALGARY FIREMEN zone. 6:05 of 1st period - Minor Penalty to Jake Bean for Roughing. 6:06 of 1st period - Evgeny Kuznetsov wins face-off versus Brayden Point in SAN JOSE BRONCOS zone. 6:19 of 1st period - Shot by Filip Forsberg. 6:19 of 1st period - Shot Misses the Net. 6:21 of 1st period - Shot by Filip Forsberg. 6:21 of 1st period - Deflect By Evgeny Kuznetsov. 6:21 of 1st period - Shot Misses the Net. 6:23 of 1st period - Shot by Fabian Zetterlund. 6:23 of 1st period - Shot Misses the Net. 6:25 of 1st period - Shot by Filip Forsberg. 6:25 of 1st period - Deflect By Fabian Zetterlund. 6:25 of 1st period - Shot Misses the Net. 6:27 of 1st period - Shot by Fabian Zetterlund. 6:27 of 1st period - Stopped by Semyon Varlamov without a rebound. 6:28 of 1st period - Calle Jarnkrok wins face-off versus Clayton Keller in SAN JOSE BRONCOS zone. 6:50 of 1st period - Shot by Mason Marchment. 6:50 of 1st period - Shot Blocked by Thomas Harley. 6:52 of 1st period - Shot by Rasmus Sandin. 6:52 of 1st period - Stopped by Semyon Varlamov without a rebound. 6:53 of 1st period - Clayton Keller wins face-off versus Fabian Zetterlund in SAN JOSE BRONCOS zone. 7:16 of 1st period - Shot by Filip Forsberg. 7:16 of 1st period - Shot Blocked by Jaccob Slavin. 7:18 of 1st period - Shot by Fabian Zetterlund. 7:18 of 1st period - Shot Misses the Net. 7:32 of 1st period - Shot by Jared Spurgeon. 7:32 of 1st period - Stopped by Semyon Varlamov with a rebound. 8:04 of 1st period - Shot by Mason Marchment. 8:04 of 1st period - Stopped by Semyon Varlamov without a rebound. 8:05 of 1st period - Jack Drury wins face-off versus Jack Roslovic in SAN JOSE BRONCOS zone. 8:27 of 1st period - Off-side. 8:28 of 1st period - Jeff Carter wins face-off versus Brett Howden in neutral zone. 8:42 of 1st period - Off-side. 8:43 of 1st period - Jack Roslovic wins face-off versus Andrew Copp in neutral zone. 8:48 of 1st period - Shot by Cole Caufield. 8:48 of 1st period - Shot Misses the Net. 8:54 of 1st period - Shot by Fabian Zetterlund. 8:54 of 1st period - Stopped by Semyon Varlamov without a rebound. 8:55 of 1st period - Evgeny Kuznetsov wins face-off versus Brayden Point in SAN JOSE BRONCOS zone. 9:06 of 1st period - Shot by Mason Marchment. 9:06 of 1st period - Shot Misses the Net. 9:42 of 1st period - Brayden Point is hit by Mason Marchment and loses puck. 9:59 of 1st period - Filip Forsberg is hit by Thomas Harley and loses puck. 10:14 of 1st period - Rasmus Sandin is hit by Oliver Bjorkstrand and loses puck. 10:36 of 1st period - Shot by Cole Caufield. 10:36 of 1st period - Goal by Cole Caufield - CALGARY FIREMEN : 0 - SAN JOSE BRONCOS : 1. 10:37 of 1st period - Jack Drury wins face-off versus Jeff Carter in neutral zone. 11:23 of 1st period - Icing by Adam Pelech. 11:24 of 1st period - Jeff Carter wins face-off versus Andrew Copp in SAN JOSE BRONCOS zone. 11:59 of 1st period - Shot by Andrew Copp. 11:59 of 1st period - Stopped by Semyon Varlamov without a rebound. 12:00 of 1st period - Brayden Point wins face-off versus Evgeny Kuznetsov in SAN JOSE BRONCOS zone. 12:07 of 1st period - Shot by Brayden Point. 12:07 of 1st period - Stopped by Marc-Andre Fleury with a rebound. 13:06 of 1st period - Shot by Cole Caufield. 13:06 of 1st period - Deflect By Jack Roslovic. 13:06 of 1st period - Stopped by Marc-Andre Fleury without a rebound. 13:07 of 1st period - Calle Jarnkrok wins face-off versus Zach Benson in CALGARY FIREMEN zone. 13:07 of 1st period - Calle Jarnkrok is hit by Mattias Janmark-Nylen. 13:12 of 1st period - Icing by Andrew Copp. 13:13 of 1st period - Jack Roslovic wins face-off versus Fabian Zetterlund in CALGARY FIREMEN zone. 13:19 of 1st period - Shot by Cole Caufield. 13:19 of 1st period - Stopped by Marc-Andre Fleury without a rebound. 13:20 of 1st period - Andrew Copp wins face-off versus Jack Roslovic in CALGARY FIREMEN zone. 14:34 of 1st period - Icing by Isac Lundestrom. 14:35 of 1st period - Jack Drury wins face-off versus Jeff Carter in CALGARY FIREMEN zone. 15:52 of 1st period - Filip Forsberg is hit by Jaccob Slavin and loses puck. 16:06 of 1st period - Shot by Brayden Point. 16:06 of 1st period - Stopped by Marc-Andre Fleury without a rebound. 16:07 of 1st period - Oliver Bjorkstrand wins face-off versus Andrew Copp in CALGARY FIREMEN zone. 16:10 of 1st period - Shot by Oliver Bjorkstrand. 16:10 of 1st period - Shot Misses the Net. 16:32 of 1st period - Shot by Fabian Zetterlund. 16:32 of 1st period - Shot Misses the Net. 16:48 of 1st period - Shot by Calle Jarnkrok. 16:48 of 1st period - Deflect By Fabian Zetterlund. 16:48 of 1st period - Stopped by Semyon Varlamov with a rebound. 17:13 of 1st period - Brayden Point is hit by Jared Spurgeon and loses puck. 17:28 of 1st period - Shot by Brayden Point. 17:28 of 1st period - Stopped by Marc-Andre Fleury without a rebound. 17:29 of 1st period - Jeff Carter wins face-off versus Brett Howden in CALGARY FIREMEN zone. 18:21 of 1st period - Icing by Jeff Carter. 18:22 of 1st period - Jeff Carter wins face-off versus Evgeny Kuznetsov in SAN JOSE BRONCOS zone. 18:57 of 1st period - Shot by Filip Forsberg. 18:57 of 1st period - Shot Misses the Net. 18:59 of 1st period - Shot by Filip Forsberg. 18:59 of 1st period - Shot Blocked by Jaccob Slavin. 19:01 of 1st period - Shot by Mason Marchment. 19:01 of 1st period - Deflect By Filip Forsberg. 19:01 of 1st period - Shot Misses the Net. Goals for this period are 0 for CALGARY FIREMEN vs 1 for SAN JOSE BRONCOS. Shots for this period are 10 for CALGARY FIREMEN vs 9 for SAN JOSE BRONCOS. 2nd period 0:01 of 2nd period - Evgeny Kuznetsov wins face-off versus Brayden Point in neutral zone. 0:14 of 2nd period - Jake McCabe is hit by Jesper Bratt and loses puck. 0:47 of 2nd period - Shot by Jesper Bratt. 0:47 of 2nd period - Shot Misses the Net. 1:17 of 2nd period - Shot by Calle Jarnkrok. 1:17 of 2nd period - Shot Misses the Net. 1:19 of 2nd period - Shot by Calle Jarnkrok. 1:19 of 2nd period - Stopped by Semyon Varlamov without a rebound. 1:20 of 2nd period - Jack Drury wins face-off versus Zach Benson in SAN JOSE BRONCOS zone. 2:07 of 2nd period - Icing by Jake Bean. 2:08 of 2nd period - Andrew Copp wins face-off versus Zach Benson in SAN JOSE BRONCOS zone. 2:15 of 2nd period - Shot by Fabian Zetterlund. 2:15 of 2nd period - Stopped by Semyon Varlamov without a rebound. 2:16 of 2nd period - Brayden Point wins face-off versus Andrew Copp in SAN JOSE BRONCOS zone. 2:16 of 2nd period - Brayden Point is hit by Andrew Copp. 2:33 of 2nd period - Off-side. 2:34 of 2nd period - Jack Roslovic wins face-off versus Evgeny Kuznetsov in neutral zone. 3:20 of 2nd period - Shot by Mason Marchment. 3:20 of 2nd period - Stopped by Semyon Varlamov without a rebound. 3:21 of 2nd period - Brayden Point wins face-off versus Andrew Copp in SAN JOSE BRONCOS zone. 3:30 of 2nd period - Shot by Fabian Zetterlund. 3:30 of 2nd period - Deflect By Andrew Copp. 3:30 of 2nd period - Shot Misses the Net. 3:38 of 2nd period - Jesper Bratt is hit by Calle Jarnkrok and loses puck. 4:32 of 2nd period - Shot by Brett Leason. 4:32 of 2nd period - Stopped by Marc-Andre Fleury without a rebound. 4:33 of 2nd period - Jack Drury wins face-off versus Jack Roslovic in CALGARY FIREMEN zone. 5:16 of 2nd period - Icing by Isac Lundestrom. 5:17 of 2nd period - Brayden Point wins face-off versus Jack Drury in CALGARY FIREMEN zone. 5:38 of 2nd period - Jesper Bratt is hit by Martin Fehervary and loses puck. 5:55 of 2nd period - Shot by Evgeny Kuznetsov. 5:55 of 2nd period - Shot Blocked by Jaccob Slavin. 5:57 of 2nd period - Shot by Filip Forsberg. 5:57 of 2nd period - Shot Misses the Net. 5:59 of 2nd period - Shot by Mason Marchment. 5:59 of 2nd period - Stopped by Semyon Varlamov without a rebound. 6:00 of 2nd period - Jeff Carter wins face-off versus Brett Howden in SAN JOSE BRONCOS zone. 6:13 of 2nd period - Shot by Jeff Carter. 6:13 of 2nd period - Stopped by Marc-Andre Fleury with a rebound. 7:30 of 2nd period - Shot by Mason Marchment. 7:30 of 2nd period - Shot Misses the Net. 7:32 of 2nd period - Shot by Ryan Graves. 7:32 of 2nd period - Shot Blocked by Timothy Liljegren. 7:34 of 2nd period - Shot by Mason Marchment. 7:34 of 2nd period - Stopped by Semyon Varlamov without a rebound. 7:35 of 2nd period - Andrew Copp wins face-off versus Brayden Point in SAN JOSE BRONCOS zone. 8:13 of 2nd period - Icing by Andrew Copp. 8:14 of 2nd period - Andrew Copp wins face-off versus Jeff Carter in CALGARY FIREMEN zone. 8:38 of 2nd period - Icing by Jake Walman. 8:39 of 2nd period - Evgeny Kuznetsov wins face-off versus Jeff Carter in SAN JOSE BRONCOS zone. 8:40 of 2nd period - Shot by Filip Forsberg. 8:40 of 2nd period - Stopped by Semyon Varlamov with a rebound. 8:42 of 2nd period - Shot by Jake McCabe. 8:42 of 2nd period - Shot Blocked by Jake Bean. 9:36 of 2nd period - Icing by Jake Walman. 9:37 of 2nd period - Jeff Carter wins face-off versus Jack Drury in SAN JOSE BRONCOS zon